Map: Winter's Gate LE

Players

TurkeyDano - Winner!

  • Race: Protoss Protoss
  • League: Grandmaster
  • Spawn Location: 5:00

printf

  • Race: Protoss Protoss
  • League: Grandmaster
  • Spawn Location: 11:00

VOD

Have the link to the VOD?

Description

Time

  • Played on: Oct. 20, 2019, 4:48 p.m.
  • Length: 2:48
Show
View Real Time Build Order
Export as new Build Order

TurkeyDano Protoss - Winner!

Build Orders:  

Get SALT Encoding   

  12  0:00  Probe  
  13  0:12  Probe  
  14  0:17  Pylon  
  14  0:25  Probe  
  15  0:35  Forge  
  16  0:47  Gateway  
  16  0:49  Probe  
  16  1:01  Probe  
  17  1:12  Pylon  
  17  1:21  Probe  
  17  1:25  Assimilator  
  18  1:29  Photon Cannon  
  18  1:33  Assimilator  
  18  1:42  Pylon  
  18  1:43  Pylon  
  18  1:44  Pylon  
  18  2:01  Photon Cannon x2  
  18  2:11  Pylon  
  18  2:15  Pylon  
  18  2:19  Pylon  
  18  2:24  Pylon  
  18  2:32  Pylon  
  18  2:41  Pylon  
Show
View Real Time Build Order
Export as new Build Order

printf Protoss 

Build Orders:  

Get SALT Encoding   

  12  0:00  Probe (Chrono Boost)  
  13  0:10  Probe (Chrono Boost)  
  14  0:18  Pylon  
  14  0:22  Probe  
  15  0:36  Probe  
  15  0:38  Forge  
  16  0:48  Probe  
  17  0:54  Gateway  
  17  1:00  Probe (Chrono Boost)  
  18  1:06  Assimilator  
  18  1:14  Pylon  
  19  1:18  Probe (Chrono Boost)  
  19  1:21  Assimilator  
  19  1:24  Probe  
  20  1:36  Probe  
  21  1:42  Cybernetics Core  
  21  1:50  Zealot  
Tags
 
Add a new tag
Caveats
  • Supply blocks, unpowered buildings, or Contaminate may cause inaccurate times.
  • Supply counts are checked every 10 seconds.